 Dungeon Crawl Stone Soup version 0.27-a0-660-g90476cec82 (webtiles) character file.

Game seed: 13158061563836585149

109 srzhan31 the Conjurer (level 4, -3/24 HPs)
             Began as a Gargoyle Conjurer on Mar 17, 2021.
             Slain by Sigmund
             ... wielding a +0 scythe
              (10 damage)
             ... on level 2 of the Dungeon.
             The game lasted 00:05:11 (1887 turns).

srzhan31 the Conjurer (Gargoyle Conjurer)           Turns: 1887, Time: 00:05:11

Health: -3/24      AC:  8    Str: 10    XL:     4   Next: 89%
Magic:  2/8        EV: 11    Int: 20    God:
Gold:   61         SH:  0    Dex:  8    Spells: 5/8 levels left

rFire    . . .     SeeInvis .   (no weapon)
rCold    . . .     Faith    .   (no shield)
rNeg     + . .     Spirit   .   a - +0 robe
rPois    ∞         Reflect  .   (no helmet)
rElec    +         Harm     .   (no cloak)
rCorr    .         Rampage  .   (no gloves)
Will     .....                  e - +2 pair of boots
Stlth    +.........             (no amulet)
HPRegen  0.08/turn              (no ring)
MPRegen  0.11/turn              (no ring)

@: confused
A: AC +3, negative energy resistance 1, electricity resistance, torment
resistance 1, unbreathing 1, petrification resistance
a: no special abilities


You were on level 2 of the Dungeon.
You visited 1 branch of the dungeon, and saw 2 of its levels.

You collected 61 gold pieces.

Inventory:

Armour
 a - a +0 robe (worn)
 e - a +2 pair of boots (worn)
Scrolls
 d - a scroll of teleportation {unknown}
 f - a scroll of identify {unknown}
Potions
 b - a potion of cancellation {unknown}
 c - a potion of attraction {unknown}


   Skills:
 + Level 1.8 Dodging
 + Level 2.8 Stealth
 + Level 2.8 Spellcasting
 + Level 5.7 Conjurations


You had 5 spell levels left.
You knew the following spells:

 Your Spells              Type           Power      Damage    Failure   Level
a - Magic Dart            Conj           100%       1d8       1%          1
b - Searing Ray           Conj           50%        3d5       1%          2

Your spell library contained the following spells:

 Spells                   Type           Power      Damage    Failure   Level
 Dazzling Flash           Conj/Hex       28%        N/A       13%         3
 Fulminant Prism          Conj/Hex       7%         3d7       41%         4
 Iskenderun's Mystic Bla  Conj/Tloc      14%        2d5       41%         4


Dungeon Overview and Level Annotations

Branches:
Dungeon (2/15)

Altars:
Nemelex Xobeh

Annotations:
D:2 Sigmund, Terence


Innate Abilities, Weirdness & Mutations

Your stone body is resilient. (AC +3)
You are immune to poison.
You resist negative energy. (rN+)
You are resistant to electric shocks. (rElec)
You are resistant to unholy torment.
You can survive without breathing.
You are immune to petrification.


Message History

Casting: Searing Ray (safe; 2% risk of failure)
Confirm with . or Enter, or press ? or * to list all spells.
You don't have enough magic to cast this spell.
A worm comes into view.
You hear some strange, mumbled words.
Something tries to affect you, but you resist.
Sigmund appears from thin air!
Reactivating autopickup.
Sigmund points at you and mumbles some strange words.
You are confused.
You bump into the rock wall.
You bump into the rock wall.
You bump into the rock wall.
Sigmund closely misses you.
You bump into the rock wall.
Sigmund barely misses you.
You feel less confused.
Sigmund gestures at himself while chanting.
Sigmund flickers and vanishes!
Deactivating autopickup; reactivate with Ctrl-A.
Casting: Searing Ray (safe; 2% risk of failure)
Confirm with . or Enter, or press ? or * to list all spells.
Aiming: Searing Ray (safe; 2% risk of failure)
Press: ? - help, Shift-Dir - straight line, f - gnoll
Aim: a gnoll, wielding a +0 whip (severely wounded, 18% to evade)
The searing ray hits something.
The searing ray hits the gnoll.
You kill the gnoll! (Press . to maintain the ray.) Unknown command.
Things that are here:
an adder skeleton; a leopard gecko skeleton You hear some strange, mumbled words.
You are confused.
You see here an adder corpse.
An adder comes into view.
The adder hisses angrily.
You see here an adder corpse.
You hear some strange, mumbled words.
A puff of flame appears from out of thin air!
The puff of flame hits you but does no damage.
You bump into the rock wall.
Something hits you!
You die...

#### #.# ... #.# #..
#.############
####..#####.#...........
.........÷.)..##########
###..#.####..# # # #{#
#..######## # #†#
#.........### #@#
#.........##. #.#
#............ #S#
#.........##. #.#
##........### #.#
#......<.# # #.#
#........# # ...
#.###..### # ...
#........ . #####..## #


You could see an adder.

Vanquished Creatures
  4 gnolls
  2 adders (D:2)
  An ooze (D:1)
  A worm (D:2)
  4 leopard geckos
  A ball python (D:1)
  7 bats
  3 goblins (D:1)
  5 hobgoblins
  6 kobolds (D:1)
  2 frilled lizards (D:1)
  6 rats (D:1)
42 creatures vanquished.

Notes
Turn   | Place    | Note
-------+----------+-------------------------------------------
     0 | D:1      | srzhan31 the Gargoyle Conjurer began the quest for the Orb.
     0 | D:1      | Reached XP level 1. HP: 10/10 MP: 3/3
   217 | D:1      | Found a sparkling altar of Nemelex Xobeh.
   318 | D:1      | Reached XP level 2. HP: 15/15 MP: 0/5
   321 | D:1      | Learned a level 2 spell: Searing Ray
   582 | D:1      | Reached skill level 5 in Conjurations
   861 | D:1      | Reached XP level 3. HP: 19/19 MP: 2/6
  1538 | D:2      | Noticed Sigmund
  1541 | D:2      | Noticed Terence
  1650 | D:2      | Reached XP level 4. HP: 18/24 MP: 2/7
  1887 | D:2      | Slain by Sigmund

Illustrated notes

Levels and vault maps discovered:
D:1:      dpeg_arrival_simpleton_c, layout_basic, glass_columns_a,
          nemelex_diamond_rough_becter
D:2:      layout_loops_ring, uniq_jessica, uniq_sigmund, uniq_terence

Skill      XL: |  1  2 |
---------------+-------+-----
Conjurations   | 5 |  5.7
Dodging        | |  1.8
Stealth        | |  2.8
Spellcasting   | |  2.8

Action                   |  1- 3 |  4- 6 || total
-------------------------+-------+-------++-------
 Cast: Magic Dart        |    18 |       ||    18
       Searing Ray       |    22 |     5 ||    27
Armor: Robe              |    10 |     4 ||    14
Dodge: Dodged            |    15 |     3 ||    18

Table legend: (Time is in decaauts)
 A = Elapsed time spent in this place.
 B = Non-inter-level travel time spent in this place.
 C = Inter-level travel time spent in this place.
 D = Time resting spent in this place.
 E = Time spent auto-exploring this place.
 F = Levels seen in this place.
 G = Mean time per level.
                   A        B        C        D        E       F      G
               +--------+--------+--------+--------+--------+-----+--------+
         Total |   1887 |   1850 |     37 |      0 |   1480 |   2 |  943.5 |
       Dungeon |   1887 |   1850 |     37 |      0 |   1480 |   2 |  943.5 |
               +--------+--------+--------+--------+--------+-----+--------+

Top non-repeatable levels by time:
     D:1: 1580 daAuts
     D:2: 307 daAuts
